Ima keep these nuts for later, neutral female scurrid Archeologist ---------- |......... ##------------- |........| #.`.........`| |.........##############`|.....`..!..| |........| #|...----- .. |<.......| |.....{.| | ---------- |..`|@@{| |...|.{.| |...----- |.... |`..! ------ Ima keep these nuts for later the Digger Experience level: 2 Strength: 11 Dexterity: 11 Constitution: 14 Intelligence: 15 Wisdom: 17 Charisma: 7 Health: 0(18) Energy: 10(10) Def: 7 Gold: 570 Moves: 168 Dungeon seed: vHZ-3XmZTJ4_6T-3 Game ID: Ima keep these nuts for later_1528839845 Your Inventory: Coins $ - 570 gold pieces Weapons a - an uncursed +2 bullwhip (weapon in paw) Armor n - an uncursed +0 pair of leather gloves (being worn) r - an uncursed +0 dwarvish mithril-coat (being worn) Comestibles b - 3 uncursed chestnuts i - an uncursed tripe ration j - an uncursed eucalyptus leaf Scrolls k - an uncursed scroll of fire m - an uncursed scroll of scare monster p - an uncursed scroll of remove curse Potions l - a blessed potion of gain energy s - an uncursed potion of hallucination Wands d - an uncursed wand of light (0:15) Tools c - an uncursed pair of lenses f - an uncursed sack g - an uncursed tin opener (alternate weapon; not wielded) o - an uncursed towel Gems q - an uncursed touchstone Spells and supernatural/magical abilities: Name Level Category Fail Memory W - pray for help -- divine ? -- Your skills at the end: Miscellaneous Skills wands [Basic] Weapon Skills boomerang [Basic] whip [Basic] Spellcasting Skills Final Attributes: You were devoutly aligned. You had infravision. You were very stealthy. You were fast. You are dead. Vanquished creatures: a dwarf a hobgoblin 4 jackals a newt a goblin a sewer rat 4 grid bugs a kobold zombie 14 creatures vanquished. Voluntary challenges: You did not cause conflict. You were not invisible. You did not have reflection. You were not displaced. You were an atheist. You used a wielded weapon 17 times, starting on turn 18. You did not use tools. You did not use plumbed fixtures. You did not drink any magical draughts. You were illiterate. You never genocided any monsters. You never polymorphed an object. You never changed form. You used no wishes. You never split a pudding. You never wrote Elbereth's name. You violated your moral code, losing 1 point of alignment, starting on turn 167. Dungeon overview: The Dungeons of Doom: levels 1 to 7 Level 1 a long staircase Level 2 a fountain Level 3 a fountain Level 4 Level 5 an altar to Huhetotl Level 6 a fountain Level 7 <- You were here many fountains History has recorded: On T:1 you entered the Dungeons of Doom to retrieve the Amulet of Yendor! On T:49 you reached level 2 of The Dungeons of Doom. On T:65 you reached level 3 of The Dungeons of Doom. On T:79 you reached level 4 of The Dungeons of Doom. On T:104 you reached level 5 of The Dungeons of Doom. On T:111 you advanced to experience level 2. On T:116 you reached level 6 of The Dungeons of Doom. On T:151 you reached level 7 of The Dungeons of Doom. Score breakdown: Gold: 570 ( 57 points) Experience: 2 levels ( 100 points) Exploration: 7 levels ( 180 points) Discoveries: 5 items ( 250 points) Variety of kills: 8 monsters ( 400 points) Major goal: (nothing yet) ( 0 points) Survival: died (score multiplied by 3) Total score: 2961 Latest messages: The kobold zombie scratches you! You destroy the kobold zombie! You start chewing a hole in the rock. With great effort you move the boulder. You try to move the boulder, but in vain. You start chewing on a boulder. You try to move the boulder, but in vain. You continue chewing on the boulder. s - a magenta potion. You see here a historic statue of a forest centaur. "Hello, Ima keep these nuts for later, welcome to Delphi!" <"Inquirest thou after enlightenment?" (40 zorkmids) [ynq]: n> <"Wilt thou settle for a minor consultation?" (50 zorkmids) [ynq]: q> You hesitate for a moment, bothered by your conscience. The Oracle gets angry! The boomerang hits the Oracle! You whip the Oracle. You are hit by magic missiles appearing from thin air! You die... The sack is empty. The sack is empty. Final status: Goodbye Ima keep these nuts for later the Archeologist, killed by the Oracle... You died in The Dungeons of Doom on dungeon level 7 with 2961 points, and 570 pieces of gold, after 168 moves. You were level 2 with a maximum of 18 hit points when you died.